Peoria Rivermen vs Atlantic City Gamblers

Created - Saturday, November 29, 2025 at 08:24

Goals
1 2 3 T
Peoria Rivermen 0 4 3 7
Atlantic City Gamblers 1 0 3 4
Shots
1 2 3 T
Peoria Rivermen 14 20 8 42
Atlantic City Gamblers 8 14 13 35

1st period

1. Atlantic City Gamblers , Nils Hoglander 3 (Nathan Bastian 2) at 4:15 (PP)

Penalties :
Tyler Tucker (PRM) for Slashing (Minor) at 3:58, Sean Walker (PRM) for Tripping (Minor) at 6:14

2nd period

2. Peoria Rivermen , Tyson Kozak 1 (Oskar Sundqvist 3) at 0:04
3. Peoria Rivermen , Tyson Kozak 2 (Patrick Giles 2, Oskar Sundqvist 4) at 0:20
4. Peoria Rivermen , Colin Blackwell 3 (Zachary Bolduc 3) at 10:45
5. Peoria Rivermen , Oskar Sundqvist 2 (Patrick Giles 3) at 15:39 (PP)

Penalties :
Filip Roos (ACG) for High sticking (Minor) at 5:04, Marek Alscher (ACG) for Tripping (Minor) at 15:19

3rd period

6. Peoria Rivermen , Marc Del Gaizo 1 (Oskar Sundqvist 5) at 2:46 (PP)
7. Peoria Rivermen , Riley Duran 2 (Matthew Sop 3, Yegor Zamula 4) at 6:15
8. Atlantic City Gamblers , Boris Katchouk 4 (Mason Lohrei 5, Yegor Sokolov 2) at 6:54
9. Atlantic City Gamblers , Tristan Broz 3 (Boris Katchouk 5, Mason Lohrei 6) at 7:06
10. Peoria Rivermen , Tyson Kozak 3 (Patrick Giles 4) at 9:42
11. Atlantic City Gamblers , Yegor Sokolov 3 (Mason Lohrei 7, Tristan Broz 4) at 9:50

Penalties :
Filip Roos (ACG) for Slashing (Minor) at 2:10, Marc Del Gaizo (PRM) for Interference (Minor) at 3:20, Jalen Chatfield (PRM) for Spearing (Major / Game Misconduct) at 11:28

Goalie Stats

William Rousseau (PRM), 31 saves from 35 shots - (0.886), W, 2-1-2, 60:00 minutes
Calvin Pickard (ACG), 35 saves from 42 shots - (0.833), L, 2-2-0, 60:00 minutes

Players Stats for Peoria Rivermen

Player Name              G  A  P  +/- PIM S  H  SB GA TA FO     MP     PP MP  PK MP  
------------------------------------------------------------------------------------
                         0  0  0   0  0   0  0  0  0  0  0/0     0:00   0:00   0:00 
Colin Blackwell          1  0  1  -1  0   6  0  0  1  0  12/28  19:21   1:25   3:56 
Gabriel Szturc           0  0  0   1  0   0  2  0  0  0  0/0     9:28   0:00   0:54 
Jalen Chatfield          0  0  0  -2  15  0  0  1  0  0  0/0    18:13   1:43   2:09 
Jonas Rondbjerg          0  0  0  -1  0   1  0  0  0  0  0/0    15:21   1:25   0:12 
Jonathan Gruden          0  0  0   0  0   0  1  0  0  1  0/0    11:13   0:00   0:00 
Marc Del Gaizo           1  0  1   2  2   1  0  0  1  2  0/0    19:54   1:43   2:58 
Matthew Sop              0  1  1   1  0   0  0  0  1  0  0/0    11:01   1:30   1:02 
Nick Leddy               0  0  0   0  0   0  1  1  1  1  0/0    18:06   0:00   4:16 
Nico Sturm               0  0  0   0  0   3  2  0  0  0  2/6    11:44   0:00   0:31 
Oskar Sundqvist          1  3  4   2  0   4  2  0  2  1  10/21  19:21   1:30   3:47 
Patrick Giles            0  3  3   2  0   1  0  0  0  1  1/2    15:30   1:30   0:00 
Riley Duran              1  0  1   1  0   6  0  0  1  0  1/5    10:12   0:00   1:22 
Sean Walker              0  0  0   4  2   5  5  0  1  1  0/0    24:26   1:12   3:32 
Tanner Fritz             0  0  0   0  0   1  1  0  0  0  0/1    11:16   0:00   0:03 
Tyler Tucker             0  0  0   0  2   2  1  0  0  0  0/0    17:07   0:00   3:43 
Tyson Kozak              3  0  3   2  0   5  2  1  0  0  1/4    17:54   0:00   3:37 
Yegor Zamula             0  1  1   0  0   5  0  2  1  1  0/0    21:28   1:12   1:00 
Zachary Bolduc           0  1  1  -1  0   2  1  0  1  1  0/0    19:07   1:25   3:54 

Players Stats for Atlantic City Gamblers

Player Name              G  A  P  +/- PIM S  H  SB GA TA FO     MP     PP MP  PK MP  
------------------------------------------------------------------------------------
                         0  0  0   0  0   0  0  0  0  0  0/0     0:00   0:00   0:00 
Alexander Holtz          0  0  0  -2  0   3  2  0  2  0  0/0    13:31   1:06   0:00 
Ben King                 0  0  0  -1  0   1  0  0  0  0  4/8     8:45   0:00   0:00 
Boris Katchouk           1  1  2   1  0   6  0  1  1  0  2/2    18:08   4:12   0:00 
Caedan Bankier           0  0  0  -1  0   0  0  1  0  0  2/4    12:52   1:15   0:26 
Filip Roos               0  0  0   1  4   2  3  0  0  1  0/0    19:44   1:22   0:00 
Hendrix Lapierre         0  0  0  -1  0   4  1  0  2  0  1/1    17:51   3:56   0:00 
Ivan Miroshnichenko      0  0  0  -1  0   1  0  0  0  0  0/0    14:58   4:02   0:00 
Jean-Luc Foudy           0  0  0  -1  0   2  1  1  0  0  0/0     9:35   0:16   0:00 
Marek Alscher            0  0  0  -1  2   0  0  0  1  1  0/0    17:42   0:00   0:40 
Mason Lohrei             0  3  3   1  0   3  1  1  0  3  0/0    24:45   4:30   2:15 
Nathan Bastian           0  1  1   0  0   2  3  0  0  0  0/1    13:10   3:56   1:40 
Nils Hoglander           1  0  1  -1  0   3  1  0  1  1  0/0    18:21   4:29   0:00 
Noah Warren              0  0  0  -2  0   1  5  1  0  0  0/0    14:21   0:00   2:15 
Ronnie Attard            0  0  0  -2  0   1  2  0  1  1  0/0    13:21   0:52   0:00 
Shakir Mukhamadullin     0  0  0  -1  0   2  0  2  0  1  0/0    22:04   4:02   0:40 
Thomas Bordeleau         0  0  0  -1  0   0  1  0  0  0  16/29  19:36   3:59   1:42 
Tristan Broz             1  1  2   1  0   2  3  0  1  1  15/21  19:02   4:01   1:01 
Yegor Sokolov            1  1  2   1  0   2  2  1  0  1  0/1    19:16   4:12   1:01 

3 Stars

1 - Tyson Kozak (PRM)
2 - Oskar Sundqvist (PRM)
3 - Patrick Giles (PRM)

Power Play

Peoria Rivermen - 2 on 3 Attempt(s) - 66.67%
Atlantic City Gamblers - 1 on 4 Attempt(s) - 25.00%

Penalty Kill

Peoria Rivermen - 3 on 4 Attempt(s) - 75.00% - Score 0 goal in Penalty Kill
Atlantic City Gamblers - 1 on 3 Attempt(s) - 33.33% - Score 0 goal in Penalty Kill

Team Stat

Peoria Rivermen - Hits : 18 - Faceoff Wins : 27 - Blocked Shots : 5 - Penalty Minutes : 21
Atlantic City Gamblers - Hits : 25 - Faceoff Wins : 40 - Blocked Shots : 8 - Penalty Minutes : 6

Official

Referees : Jon Mcisaac and Steve Kozari
Linesman : Jesse Marquis and Travis Toomey

Game Notes

Tyson Kozak has scored a Hat Trick!
Jalen Chatfield (PRM) for Spearing (Major / Game Misconduct) at 11:28
Jalen Chatfield ejected from game at 11:28 of 3rd period

Peoria Rivermen

5 vs 5 Forward 
   Center                   Left Wing                Right Wing               Time % Phy DF OF 
 1 Colin Blackwell          Zachary Bolduc           Jonas Rondbjerg          30     1   2  2  
 2 Oskar Sundqvist          Tyson Kozak              Patrick Giles            30     1   2  2  
 3 Nico Sturm               Jonathan Gruden          Tanner Fritz             25     1   2  2  
 4 Riley Duran              Matthew Sop              Gabriel Szturc           15     1   2  2  

5 vs 5 Defense 
   Defense                  Defense                                           Time % Phy DF OF 
 1 Jalen Chatfield          Yegor Zamula                                      30     1   2  2  
 2 Sean Walker              Marc Del Gaizo                                    30     1   2  2  
 3 Nick Leddy               Tyler Tucker                                      25     1   2  2  
 4 Sean Walker              Yegor Zamula                                      15     1   2  2  

PowerPlay Forward 
   Center                   Left Wing                Right Wing               Time % Phy DF OF 
 1 Colin Blackwell          Zachary Bolduc           Jonas Rondbjerg          50     1   2  2  
 2 Oskar Sundqvist          Matthew Sop              Patrick Giles            50     1   2  2  

PowerPlay Defense
   Defense                  Defense                                           Time % Phy DF OF 
 1 Sean Walker              Yegor Zamula                                      50     1   2  2  
 2 Jalen Chatfield          Marc Del Gaizo                                    50     1   2  2  

Penalty Kill 4 Players Forward 
   Center                   Wing                     Time % Phy DF OF 
 1 Tyson Kozak              Oskar Sundqvist          50     1   2  2  
 2 Colin Blackwell          Zachary Bolduc           50     1   2  2  

Penalty Kill 4 Players Defense
   Defense                  Defense                  Time % Phy DF OF 
 1 Sean Walker              Nick Leddy               50     1   2  2  
 2 Jalen Chatfield          Marc Del Gaizo           50     1   2  2  

Penalty Kill - 3 Players Forward 
   Forward                                           Time % Phy DF OF 
 1 Zachary Bolduc                                    50     1   2  2  
 2 Colin Blackwell                                   50     1   2  2  

Penalty Kill - 3 Players Defense
   Defense                  Defense                  Time % Phy DF OF 
 1 Sean Walker              Nick Leddy               50     1   2  2  
 2 Jalen Chatfield          Marc Del Gaizo           50     1   2  2  

4 vs 4 Forward 
   Center                   Wing                     Time % Phy DF OF 
 1 Zachary Bolduc           Colin Blackwell          50     1   2  2  
 2 Oskar Sundqvist          Nico Sturm               50     1   2  2  

4 vs 4 Defense
   Defense                  Defense                  Time % Phy DF OF 
 1 Sean Walker              Yegor Zamula             50     1   2  2  
 2 Jalen Chatfield          Marc Del Gaizo           50     1   2  2  

Last Minutes Offensive
   Center                   Left Wing                Right Wing               Defense                  Defense                  
   Colin Blackwell          Zachary Bolduc           Jonas Rondbjerg          Sean Walker              Yegor Zamula             

Last Minutes Defensive
   Center                   Left Wing                Right Wing               Defense                  Defense                  
   Tyson Kozak              Matthew Sop              Tanner Fritz             Sean Walker              Yegor Zamula             

Goaltenders
Starting : William Rousseau         
Backup : Jaxson Stauber           

Extra Forwards
Normal : Riley Duran, Gabriel Szturc, Tyson Kozak - PP : Riley Duran, Gabriel Szturc - PK : Tyson Kozak
Extra Defensemen
Normal : Nick Leddy, Tyler Tucker, Jalen Chatfield - PP : Nick Leddy - PK : Tyler Tucker, Jalen Chatfield
Penalty Shots
Zachary Bolduc, Colin Blackwell, Oskar Sundqvist, Nico Sturm, Tyson Kozak

Scratches
Ryan Ufko (Healthy), Victor Soderstrom (Healthy), Matthew Seminoff (Healthy), Matt Kessel (Healthy), Zachary Fucale (Healthy)

Atlantic City Gamblers

5 vs 5 Forward 
   Center                   Left Wing                Right Wing               Time % Phy DF OF 
 1 Thomas Bordeleau         Nils Hoglander           Hendrix Lapierre         30     1   1  3  
 2 Tristan Broz             Yegor Sokolov            Boris Katchouk           30     1   1  3  
 3 Caedan Bankier           Alexander Holtz          Ivan Miroshnichenko      25     0   2  3  
 4 Ben King                 Nathan Bastian           Jean-Luc Foudy           15     1   2  2  

5 vs 5 Defense 
   Defense                  Defense                                           Time % Phy DF OF 
 1 Mason Lohrei             Filip Roos                                        38     1   3  1  
 2 Marek Alscher            Shakir Mukhamadullin                              37     1   3  1  
 3 Ronnie Attard            Noah Warren                                       25     1   3  1  
 4 Ronnie Attard            Noah Warren                                       0      1   3  1  

PowerPlay Forward 
   Center                   Left Wing                Right Wing               Time % Phy DF OF 
 1 Thomas Bordeleau         Nathan Bastian           Hendrix Lapierre         50     0   1  4  
 2 Tristan Broz             Yegor Sokolov            Boris Katchouk           50     0   1  4  

PowerPlay Defense
   Defense                  Defense                                           Time % Phy DF OF 
 1 Mason Lohrei             Nils Hoglander                                    50     0   2  3  
 2 Ivan Miroshnichenko      Shakir Mukhamadullin                              50     0   2  3  

Penalty Kill 4 Players Forward 
   Center                   Wing                     Time % Phy DF OF 
 1 Thomas Bordeleau         Nathan Bastian           55     0   4  1  
 2 Tristan Broz             Yegor Sokolov            45     0   4  1  

Penalty Kill 4 Players Defense
   Defense                  Defense                  Time % Phy DF OF 
 1 Mason Lohrei             Noah Warren              55     1   3  1  
 2 Marek Alscher            Shakir Mukhamadullin     45     1   3  1  

Penalty Kill - 3 Players Forward 
   Forward                                           Time % Phy DF OF 
 1 Thomas Bordeleau                                  50     0   5  0  
 2 Tristan Broz                                      50     0   5  0  

Penalty Kill - 3 Players Defense
   Defense                  Defense                  Time % Phy DF OF 
 1 Marek Alscher            Filip Roos               50     2   3  0  
 2 Shakir Mukhamadullin     Noah Warren              50     2   3  0  

4 vs 4 Forward 
   Center                   Wing                     Time % Phy DF OF 
 1 Thomas Bordeleau         Nils Hoglander           45     0   1  4  
 2 Tristan Broz             Boris Katchouk           55     0   1  4  

4 vs 4 Defense
   Defense                  Defense                  Time % Phy DF OF 
 1 Mason Lohrei             Filip Roos               45     0   2  3  
 2 Marek Alscher            Shakir Mukhamadullin     55     0   2  3  

Last Minutes Offensive
   Center                   Left Wing                Right Wing               Defense                  Defense                  
   Tristan Broz             Nathan Bastian           Nils Hoglander           Mason Lohrei             Hendrix Lapierre         

Last Minutes Defensive
   Center                   Left Wing                Right Wing               Defense                  Defense                  
   Tristan Broz             Yegor Sokolov            Ivan Miroshnichenko      Marek Alscher            Shakir Mukhamadullin     

Goaltenders
Starting : Calvin Pickard           
Backup : Brandon Halverson        

Extra Forwards
Normal : Jean-Luc Foudy, Nils Hoglander, Alexander Holtz - PP : Yegor Sokolov, Ivan Miroshnichenko - PK : Caedan Bankier
Extra Defensemen
Normal : Ronnie Attard, Noah Warren, Shakir Mukhamadullin - PP : Ronnie Attard - PK : Ronnie Attard, Noah Warren
Penalty Shots
Jean-Luc Foudy, Tristan Broz, Boris Katchouk, Yegor Sokolov, Thomas Bordeleau

Scratches
Noah Juulsen (Healthy), Artyom Grushnikov (Healthy), Trevor Janicke (Healthy), Alex Beaucage (Healthy), Nico Daws (Healthy)
Jan Bednar (Healthy)

% Time on Ice - Peoria Rivermen

Lines # - Real PCT - Wanted PCT - Time Play
Normal Forward
1 - 29% - 30% - 13:48
2 - 30% - 30% - 14:16
3 - 23% - 25% - 11:13
4 - 18% - 15% - 8:34
Normal Defense
1 - 30% - 30% - 14:17
2 - 33% - 30% - 15:43
3 - 27% - 25% - 12:48
4 - 11% - 15% - 5:03
PP Forward
1 - 49% - 50% - 1:25
2 - 51% - 50% - 1:30
PP Defense
1 - 41% - 50% - 1:12
2 - 59% - 50% - 1:43
PK Forward
1 - 48% - 50% - 4:27
2 - 52% - 50% - 4:47
PK Defense
1 - 41% - 50% - 3:45
2 - 59% - 50% - 5:29
PK3 Forward
1 - 0% - 50%
2 - 0% - 50%
PK3 Defense
1 - 0% - 50%
2 - 0% - 50%
44 Forward
1 - 0% - 50%
2 - 0% - 50%
44 Defense
1 - 0% - 50%
2 - 0% - 50%
Last Minute Offensive  - 0:00
Last Minute Defensive  - 0:00
Total
Forward - 60:00
Defense - 60:00

% Time on Ice - Atlantic City Gamblers

Lines # - Real PCT - Wanted PCT - Time Play
Normal Forward
1 - 29% - 30% - 13:55
2 - 29% - 30% - 14:00
3 - 23% - 25% - 11:11
4 - 18% - 15% - 8:45
Normal Defense
1 - 38% - 38% - 18:20
2 - 36% - 37% - 17:25
3 - 25% - 25% - 12:03
4 - 0% - 0% - 0:03
PP Forward
1 - 50% - 50% - 4:38
2 - 50% - 50% - 4:36
PP Defense
1 - 53% - 50% - 4:55
2 - 47% - 50% - 4:19
PK Forward
1 - 65% - 55% - 1:54
2 - 35% - 45% - 1:01
PK Defense
1 - 77% - 55% - 2:15
2 - 23% - 45% - 0:40
PK3 Forward
1 - 0% - 50%
2 - 0% - 50%
PK3 Defense
1 - 0% - 50%
2 - 0% - 50%
44 Forward
1 - 0% - 45%
2 - 0% - 55%
44 Defense
1 - 0% - 45%
2 - 0% - 55%
Last Minute Offensive  - 0:00
Last Minute Defensive  - 0:00
Total
Forward - 60:00
Defense - 60:00

Play-by-Play

1st period


0:01 of 1st period - Colin Blackwell wins face-off versus Thomas Bordeleau in neutral zone.
0:53 of 1st period - Wrist shot by Ivan Miroshnichenko.
0:53 of 1st period - Stopped by William Rousseau with a rebound.
1:13 of 1st period - Tyler Tucker is hit by Nathan Bastian.
1:21 of 1st period - Slapshot by Yegor Zamula.
1:21 of 1st period - Stopped by Calvin Pickard without a rebound.
1:22 of 1st period - Tristan Broz wins face-off versus Colin Blackwell in Atlantic City Gamblers zone.
2:35 of 1st period - Snap shot by Nathan Bastian.
2:35 of 1st period - Deflect By Ben King.
2:35 of 1st period - Shot Misses the Net.
2:35 of 1st period - Puck is out of play.
2:36 of 1st period - Thomas Bordeleau wins face-off versus Colin Blackwell in Peoria Rivermen zone.
2:37 of 1st period - Wrist shot by Nils Hoglander.
2:37 of 1st period - Stopped by William Rousseau with a rebound.
3:49 of 1st period - Snap shot by Riley Duran.
3:49 of 1st period - Shot Misses the Net.
3:51 of 1st period - Wrist shot by Riley Duran.
3:51 of 1st period - Shot Blocked by Jean-Luc Foudy.
3:53 of 1st period - Wrist shot by Riley Duran.
3:53 of 1st period - Stopped by Calvin Pickard without a rebound.
3:54 of 1st period - Tristan Broz wins face-off versus Colin Blackwell in Atlantic City Gamblers zone.
3:58 of 1st period - Minor Penalty to Tyler Tucker for Slashing.
3:59 of 1st period - Tyson Kozak wins face-off versus Nathan Bastian in Peoria Rivermen zone.
4:08 of 1st period - Nathan Bastian is hit by Sean Walker and loses puck.
4:15 of 1st period - Slapshot by Nils Hoglander.
4:15 of 1st period - Goal by Nils Hoglander - Peoria Rivermen : 0 - Atlantic City Gamblers : 1.
4:16 of 1st period - Tristan Broz wins face-off versus Tyson Kozak in neutral zone.
4:23 of 1st period - Snap shot by Tristan Broz.
4:23 of 1st period - Stopped by William Rousseau with a rebound.
4:25 of 1st period - Snap shot by Yegor Sokolov.
4:25 of 1st period - Stopped by William Rousseau with a rebound.
4:27 of 1st period - Slapshot by Shakir Mukhamadullin.
4:27 of 1st period - Deflect By Boris Katchouk.
4:27 of 1st period - Shot Blocked by Yegor Zamula.
4:27 of 1st period - Puck is out of play.
4:28 of 1st period - Colin Blackwell wins face-off versus Thomas Bordeleau in Peoria Rivermen zone.
4:37 of 1st period - Snap shot by Colin Blackwell.
4:37 of 1st period - Shot Misses the Net.
4:53 of 1st period - Shakir Mukhamadullin is hit by Sean Walker and loses puck.
5:02 of 1st period - Slapshot by Patrick Giles.
5:02 of 1st period - Shot Misses the Net.
6:14 of 1st period - Minor Penalty to Sean Walker for Tripping.
6:15 of 1st period - Tristan Broz wins face-off versus Tyson Kozak in Peoria Rivermen zone.
6:48 of 1st period - Snap shot by Thomas Bordeleau.
6:48 of 1st period - Shot Misses the Net.
8:14 of 1st period - Penalty to Sean Walker is over, Sean Walker is back on ice.
8:27 of 1st period - Jean-Luc Foudy is hit by Sean Walker and loses puck.
8:32 of 1st period - Backhand shot by Nico Sturm.
8:32 of 1st period - Stopped by Calvin Pickard without a rebound.
8:33 of 1st period - Riley Duran wins face-off versus Ben King in Atlantic City Gamblers zone.
9:11 of 1st period - Snap shot by Zachary Bolduc.
9:11 of 1st period - Shot Blocked by Noah Warren.
9:29 of 1st period - Mason Lohrei is hit by Gabriel Szturc.
10:08 of 1st period - Wrist shot by Colin Blackwell.
10:08 of 1st period - Stopped by Calvin Pickard without a rebound.
10:09 of 1st period - Boris Katchouk wins face-off versus Oskar Sundqvist in Atlantic City Gamblers zone.
10:43 of 1st period - Colin Blackwell is hit by Hendrix Lapierre and loses puck.
11:24 of 1st period - Snap shot by Ben King.
11:24 of 1st period - Shot Misses the Net.
11:26 of 1st period - Slapshot by Ronnie Attard.
11:26 of 1st period - Stopped by William Rousseau with a rebound.
11:28 of 1st period - Slapshot by Noah Warren.
11:28 of 1st period - Stopped by William Rousseau without a rebound.
11:29 of 1st period - Oskar Sundqvist wins face-off versus Tristan Broz in Peoria Rivermen zone.
11:55 of 1st period - Shakir Mukhamadullin is hit by Zachary Bolduc and loses puck.
12:04 of 1st period - Wrist shot by Colin Blackwell.
12:04 of 1st period - Stopped by Calvin Pickard without a rebound.
12:05 of 1st period - Colin Blackwell wins face-off versus Tristan Broz in Atlantic City Gamblers zone.
12:08 of 1st period - Wrist shot by Colin Blackwell.
12:08 of 1st period - Stopped by Calvin Pickard with a rebound.
12:10 of 1st period - Slapshot by Sean Walker.
12:10 of 1st period - Deflect By Yegor Sokolov.
12:10 of 1st period - Stopped by Calvin Pickard with a rebound.
12:12 of 1st period - Snap shot by Colin Blackwell.
12:12 of 1st period - Shot Blocked by Mason Lohrei.
12:29 of 1st period - Zachary Bolduc is hit by Tristan Broz and loses puck.
12:37 of 1st period - Icing by Sean Walker.
12:38 of 1st period - Thomas Bordeleau wins face-off versus Colin Blackwell in Peoria Rivermen zone.
12:39 of 1st period - Slapshot by Hendrix Lapierre.
12:39 of 1st period - Stopped by William Rousseau without a rebound.
12:40 of 1st period - Thomas Bordeleau wins face-off versus Oskar Sundqvist in Peoria Rivermen zone.
13:05 of 1st period - Alexander Holtz is hit by Jonathan Gruden and loses puck.
13:12 of 1st period - Snap shot by Nico Sturm.
13:12 of 1st period - Stopped by Calvin Pickard with a rebound.
13:14 of 1st period - Slapshot by Jalen Chatfield.
13:14 of 1st period - Shot Blocked by Shakir Mukhamadullin.
13:18 of 1st period - Wrist shot by Tanner Fritz.
13:18 of 1st period - Shot Misses the Net.
13:32 of 1st period - Wrist shot by Boris Katchouk.
13:32 of 1st period - Shot Blocked by Nick Leddy.
14:41 of 1st period - Snap shot by Riley Duran.
14:41 of 1st period - Stopped by Calvin Pickard with a rebound.
14:45 of 1st period - Slapshot by Riley Duran.
14:45 of 1st period - Stopped by Calvin Pickard with a rebound.
15:03 of 1st period - Slapshot by Nick Leddy.
15:03 of 1st period - Shot Misses the Net.
15:05 of 1st period - Wrist shot by Tyler Tucker.
15:05 of 1st period - Stopped by Calvin Pickard with a rebound.
15:07 of 1st period - Slapshot by Matthew Sop.
15:07 of 1st period - Shot Hit the Post.
15:09 of 1st period - Slapshot by Riley Duran.
15:09 of 1st period - Stopped by Calvin Pickard with a rebound.
15:11 of 1st period - Slapshot by Tyler Tucker.
15:11 of 1st period - Shot Misses the Net.
15:17 of 1st period - Wrist shot by Riley Duran.
15:17 of 1st period - Stopped by Calvin Pickard with a rebound.
15:21 of 1st period - Snap shot by Riley Duran.
15:21 of 1st period - Shot Misses the Net.
15:25 of 1st period - Snap shot by Matthew Sop.
15:25 of 1st period - Shot Misses the Net.
15:35 of 1st period - Snap shot by Riley Duran.
15:35 of 1st period - Shot Blocked by Caedan Bankier.
15:37 of 1st period - Slapshot by Tyler Tucker.
15:37 of 1st period - Stopped by Calvin Pickard without a rebound.
15:38 of 1st period - Thomas Bordeleau wins face-off versus Tyson Kozak in Atlantic City Gamblers zone.
16:03 of 1st period - Nico Sturm is hit by Nathan Bastian and loses puck.
16:16 of 1st period - Slapshot by Nico Sturm.
16:16 of 1st period - Shot Misses the Net.
17:38 of 1st period - Yegor Zamula is hit by Noah Warren and loses puck.
18:02 of 1st period - Filip Roos is hit by Oskar Sundqvist and loses puck.
18:24 of 1st period - Sean Walker is hit by Yegor Sokolov and loses puck.
18:31 of 1st period - Boris Katchouk is hit by Tyler Tucker and loses puck.
19:01 of 1st period - Jonathan Gruden is hit by Nathan Bastian and loses puck.
19:43 of 1st period - Jalen Chatfield is hit by Alexander Holtz and loses puck.
Goals for this period are 0 for Peoria Rivermen vs 1 for Atlantic City Gamblers.
Shots for this period are 14 for Peoria Rivermen vs 8 for Atlantic City Gamblers.

2nd period


0:01 of 2nd period - Oskar Sundqvist wins face-off versus Thomas Bordeleau in neutral zone.
0:04 of 2nd period - Snap shot by Tyson Kozak.
0:04 of 2nd period - Goal by Tyson Kozak - Peoria Rivermen : 1 - Atlantic City Gamblers : 1.
0:05 of 2nd period - Boris Katchouk wins face-off versus Oskar Sundqvist in neutral zone.
0:08 of 2nd period - Snap shot by Yegor Sokolov.
0:08 of 2nd period - Shot Misses the Net.
0:16 of 2nd period - Snap shot by Patrick Giles.
0:16 of 2nd period - Shot Misses the Net.
0:18 of 2nd period - Snap shot by Tyson Kozak.
0:18 of 2nd period - Shot Blocked by Yegor Sokolov.
0:20 of 2nd period - Snap shot by Tyson Kozak.
0:20 of 2nd period - Goal by Tyson Kozak - Peoria Rivermen : 2 - Atlantic City Gamblers : 1.
0:21 of 2nd period - Thomas Bordeleau wins face-off versus Oskar Sundqvist in neutral zone.
0:24 of 2nd period - Slapshot by Mason Lohrei.
0:24 of 2nd period - Stopped by William Rousseau without a rebound.
0:25 of 2nd period - Thomas Bordeleau wins face-off versus Patrick Giles in Peoria Rivermen zone.
0:28 of 2nd period - Snap shot by Nils Hoglander.
0:28 of 2nd period - Shot Misses the Net.
0:30 of 2nd period - Snap shot by Thomas Bordeleau.
0:30 of 2nd period - Shot Blocked by Tyson Kozak.
0:32 of 2nd period - Slapshot by Hendrix Lapierre.
0:32 of 2nd period - Stopped by William Rousseau without a rebound.
0:33 of 2nd period - Hendrix Lapierre wins face-off versus Oskar Sundqvist in Peoria Rivermen zone.
0:58 of 2nd period - Thomas Bordeleau is hit by Sean Walker.
1:04 of 2nd period - Slapshot by Sean Walker.
1:04 of 2nd period - Shot Blocked by Shakir Mukhamadullin.
1:30 of 2nd period - Wrist shot by Yegor Sokolov.
1:30 of 2nd period - Shot Misses the Net.
1:48 of 2nd period - Snap shot by Alexander Holtz.
1:48 of 2nd period - Stopped by William Rousseau with a rebound.
2:06 of 2nd period - Slapshot by Nathan Bastian.
2:06 of 2nd period - Deflect By Ben King.
2:06 of 2nd period - Shot Misses the Net.
2:06 of 2nd period - Puck is out of play.
2:07 of 2nd period - Ben King wins face-off versus Nico Sturm in Peoria Rivermen zone.
2:11 of 2nd period - Snap shot by Jean-Luc Foudy.
2:11 of 2nd period - Shot Misses the Net.
2:13 of 2nd period - Backhand shot by Filip Roos.
2:13 of 2nd period - Stopped by William Rousseau without a rebound.
2:14 of 2nd period - Tristan Broz wins face-off versus Tanner Fritz in Peoria Rivermen zone.
2:48 of 2nd period - Yegor Zamula is hit by Filip Roos and loses puck.
3:09 of 2nd period - Wrist shot by Alexander Holtz.
3:09 of 2nd period - Stopped by William Rousseau with a rebound.
3:15 of 2nd period - Wrist shot by Colin Blackwell.
3:15 of 2nd period - Stopped by Calvin Pickard without a rebound.
3:16 of 2nd period - Nico Sturm wins face-off versus Tristan Broz in Atlantic City Gamblers zone.
3:43 of 2nd period - Oskar Sundqvist is hit by Noah Warren.
3:47 of 2nd period - Snap shot by Patrick Giles.
3:47 of 2nd period - Shot Misses the Net.
3:49 of 2nd period - Wrist shot by Tyson Kozak.
3:49 of 2nd period - Stopped by Calvin Pickard with a rebound.
3:51 of 2nd period - Slapshot by Tyler Tucker.
3:51 of 2nd period - Shot Misses the Net.
4:05 of 2nd period - Slapshot by Zachary Bolduc.
4:05 of 2nd period - Stopped by Calvin Pickard without a rebound.
4:06 of 2nd period - Colin Blackwell wins face-off versus Thomas Bordeleau in Atlantic City Gamblers zone.
4:18 of 2nd period - Snap shot by Colin Blackwell.
4:18 of 2nd period - Stopped by Calvin Pickard with a rebound.
4:20 of 2nd period - Snap shot by Colin Blackwell.
4:20 of 2nd period - Shot Misses the Net.
4:22 of 2nd period - Snap shot by Zachary Bolduc.
4:22 of 2nd period - Shot Misses the Net.
4:56 of 2nd period - Slapshot by Nico Sturm.
4:56 of 2nd period - Shot Misses the Net.
4:58 of 2nd period - Slapshot by Yegor Zamula.
4:58 of 2nd period - Stopped by Calvin Pickard with a rebound.
5:00 of 2nd period - Wrist shot by Tanner Fritz.
5:00 of 2nd period - Stopped by Calvin Pickard without a rebound.
5:01 of 2nd period - Thomas Bordeleau wins face-off versus Colin Blackwell in Atlantic City Gamblers zone.
5:01 of 2nd period - Thomas Bordeleau is hit by Sean Walker.
5:04 of 2nd period - Minor Penalty to Filip Roos for High sticking.
5:05 of 2nd period - Thomas Bordeleau wins face-off versus Colin Blackwell in Atlantic City Gamblers zone.
7:04 of 2nd period - Penalty to Filip Roos is over, Filip Roos is back on ice.
7:55 of 2nd period - Snap shot by Yegor Sokolov.
7:55 of 2nd period - Shot Misses the Net.
9:05 of 2nd period - Tyler Tucker is hit by Noah Warren and loses puck.
9:24 of 2nd period - Tyler Tucker is hit by Thomas Bordeleau and loses puck.
9:35 of 2nd period - Nick Leddy is hit by Ronnie Attard and loses puck.
10:33 of 2nd period - Snap shot by Oskar Sundqvist.
10:33 of 2nd period - Shot Misses the Net.
10:43 of 2nd period - Snap shot by Colin Blackwell.
10:43 of 2nd period - Shot Misses the Net.
10:45 of 2nd period - Snap shot by Colin Blackwell.
10:45 of 2nd period - Goal by Colin Blackwell - Peoria Rivermen : 3 - Atlantic City Gamblers : 1.
10:46 of 2nd period - Tristan Broz wins face-off versus Colin Blackwell in neutral zone.
11:00 of 2nd period - Off-side.
11:01 of 2nd period - Thomas Bordeleau wins face-off versus Oskar Sundqvist in neutral zone.
11:15 of 2nd period - Off-side.
11:16 of 2nd period - Colin Blackwell wins face-off versus Tristan Broz in neutral zone.
11:52 of 2nd period - Wrist shot by Oskar Sundqvist.
11:52 of 2nd period - Stopped by Calvin Pickard with a rebound.
11:54 of 2nd period - Slapshot by Tyson Kozak.
11:54 of 2nd period - Shot Misses the Net.
11:56 of 2nd period - Wrist shot by Tyson Kozak.
11:56 of 2nd period - Stopped by Calvin Pickard with a rebound.
11:58 of 2nd period - Snap shot by Patrick Giles.
11:58 of 2nd period - Shot Misses the Net.
12:36 of 2nd period - Nick Leddy is hit by Filip Roos.
12:37 of 2nd period - Icing by Nick Leddy.
12:38 of 2nd period - Tristan Broz wins face-off versus Riley Duran in Peoria Rivermen zone.
13:03 of 2nd period - Slapshot by Nathan Bastian.
13:03 of 2nd period - Stopped by William Rousseau without a rebound.
13:04 of 2nd period - Colin Blackwell wins face-off versus Ben King in Peoria Rivermen zone.
13:04 of 2nd period - Colin Blackwell is hit by Ronnie Attard.
13:10 of 2nd period - Slapshot by Sean Walker.
13:10 of 2nd period - Stopped by Calvin Pickard with a rebound.
13:12 of 2nd period - Slapshot by Yegor Zamula.
13:12 of 2nd period - Stopped by Calvin Pickard with a rebound.
13:14 of 2nd period - Snap shot by Jonas Rondbjerg.
13:14 of 2nd period - Stopped by Calvin Pickard with a rebound.
13:16 of 2nd period - Wrist shot by Zachary Bolduc.
13:16 of 2nd period - Shot Misses the Net.
13:18 of 2nd period - Snap shot by Yegor Zamula.
13:18 of 2nd period - Deflect By Nathan Bastian.
13:18 of 2nd period - Stopped by Calvin Pickard with a rebound.
13:20 of 2nd period - Slapshot by Sean Walker.
13:20 of 2nd period - Deflect By Jonas Rondbjerg.
13:20 of 2nd period - Shot Hit the Post.
13:20 of 2nd period - Puck is out of play.
13:21 of 2nd period - Oskar Sundqvist wins face-off versus Yegor Sokolov in Atlantic City Gamblers zone.
13:22 of 2nd period - Snap shot by Patrick Giles.
13:22 of 2nd period - Shot Blocked by Boris Katchouk.
13:24 of 2nd period - Snap shot by Patrick Giles.
13:24 of 2nd period - Shot Misses the Net.
13:26 of 2nd period - Slapshot by Yegor Zamula.
13:26 of 2nd period - Stopped by Calvin Pickard without a rebound.
13:27 of 2nd period - Tristan Broz wins face-off versus Oskar Sundqvist in Atlantic City Gamblers zone.
13:34 of 2nd period - Wrist shot by Boris Katchouk.
13:34 of 2nd period - Shot Misses the Net.
13:58 of 2nd period - Yegor Zamula is hit by Tristan Broz and loses puck.
14:03 of 2nd period - Snap shot by Boris Katchouk.
14:03 of 2nd period - Stopped by William Rousseau with a rebound.
14:05 of 2nd period - Slapshot by Shakir Mukhamadullin.
14:05 of 2nd period - Stopped by William Rousseau without a rebound.
14:06 of 2nd period - Thomas Bordeleau wins face-off versus Colin Blackwell in Peoria Rivermen zone.
14:09 of 2nd period - Wrist shot by Hendrix Lapierre.
14:09 of 2nd period - Stopped by William Rousseau without a rebound.
14:10 of 2nd period - Colin Blackwell wins face-off versus Thomas Bordeleau in Peoria Rivermen zone.
14:10 of 2nd period - Colin Blackwell is hit by Noah Warren.
14:40 of 2nd period - Slapshot by Alexander Holtz.
14:40 of 2nd period - Shot Misses the Net.
14:42 of 2nd period - Wrist shot by Ivan Miroshnichenko.
14:42 of 2nd period - Deflect By Alexander Holtz.
14:42 of 2nd period - Shot Misses the Net.
14:42 of 2nd period - Puck is out of play.
14:43 of 2nd period - Oskar Sundqvist wins face-off versus Tristan Broz in Peoria Rivermen zone.
14:49 of 2nd period - Boris Katchouk is hit by Tyson Kozak and loses puck.
14:57 of 2nd period - Off-side.
14:58 of 2nd period - Colin Blackwell wins face-off versus Thomas Bordeleau in neutral zone.
15:19 of 2nd period - Minor Penalty to Marek Alscher for Tripping.
15:20 of 2nd period - Oskar Sundqvist wins face-off versus Thomas Bordeleau in Atlantic City Gamblers zone.
15:25 of 2nd period - Snap shot by Matthew Sop.
15:25 of 2nd period - Shot Misses the Net.
15:27 of 2nd period - Snap shot by Oskar Sundqvist.
15:27 of 2nd period - Stopped by Calvin Pickard with a rebound.
15:29 of 2nd period - Snap shot by Matthew Sop.
15:29 of 2nd period - Shot Misses the Net.
15:31 of 2nd period - Snap shot by Patrick Giles.
15:31 of 2nd period - Stopped by Calvin Pickard without a rebound.
15:32 of 2nd period - Oskar Sundqvist wins face-off versus Thomas Bordeleau in Atlantic City Gamblers zone.
15:39 of 2nd period - Wrist shot by Oskar Sundqvist.
15:39 of 2nd period - Goal by Oskar Sundqvist - Peoria Rivermen : 4 - Atlantic City Gamblers : 1.
15:40 of 2nd period - Thomas Bordeleau wins face-off versus Oskar Sundqvist in neutral zone.
15:43 of 2nd period - Snap shot by Hendrix Lapierre.
15:43 of 2nd period - Stopped by William Rousseau without a rebound.
15:44 of 2nd period - Oskar Sundqvist wins face-off versus Thomas Bordeleau in Peoria Rivermen zone.
15:44 of 2nd period - Oskar Sundqvist is hit by Mason Lohrei.
16:58 of 2nd period - Wrist shot by Alexander Holtz.
16:58 of 2nd period - Shot Misses the Net.
17:06 of 2nd period - Caedan Bankier is hit by Nick Leddy and loses puck.
17:17 of 2nd period - Jalen Chatfield is hit by Jean-Luc Foudy and loses puck.
17:37 of 2nd period - Marek Alscher is hit by Nico Sturm and loses puck.
18:16 of 2nd period - Wrist shot by Shakir Mukhamadullin.
18:16 of 2nd period - Stopped by William Rousseau without a rebound.
18:17 of 2nd period - Ben King wins face-off versus Riley Duran in Peoria Rivermen zone.
18:20 of 2nd period - Wrist shot by Jean-Luc Foudy.
18:20 of 2nd period - Deflect By Nathan Bastian.
18:20 of 2nd period - Stopped by William Rousseau without a rebound.
18:21 of 2nd period - Oskar Sundqvist wins face-off versus Ben King in Peoria Rivermen zone.
19:12 of 2nd period - Snap shot by Nico Sturm.
19:12 of 2nd period - Stopped by Calvin Pickard with a rebound.
19:20 of 2nd period - Slapshot by Ben King.
19:20 of 2nd period - Stopped by William Rousseau with a rebound.
19:22 of 2nd period - Snap shot by Nathan Bastian.
19:22 of 2nd period - Shot Misses the Net.
19:24 of 2nd period - Snap shot by Nathan Bastian.
19:24 of 2nd period - Deflect By Jean-Luc Foudy.
19:24 of 2nd period - Stopped by William Rousseau without a rebound.
19:25 of 2nd period - Thomas Bordeleau wins face-off versus Oskar Sundqvist in Peoria Rivermen zone.
Goals for this period are 4 for Peoria Rivermen vs 0 for Atlantic City Gamblers.
Shots for this period are 20 for Peoria Rivermen vs 14 for Atlantic City Gamblers.

3rd period


0:01 of 3rd period - Tristan Broz wins face-off versus Nico Sturm in neutral zone.
0:49 of 3rd period - Marek Alscher is hit by Tyson Kozak and loses puck.
0:56 of 3rd period - Snap shot by Oskar Sundqvist.
0:56 of 3rd period - Stopped by Calvin Pickard with a rebound.
0:58 of 3rd period - Wrist shot by Tyson Kozak.
0:58 of 3rd period - Shot Misses the Net.
1:15 of 3rd period - Shakir Mukhamadullin is hit by Gabriel Szturc and loses puck.
1:42 of 3rd period - Tanner Fritz is hit by Tristan Broz and loses puck.
1:54 of 3rd period - Snap shot by Boris Katchouk.
1:54 of 3rd period - Deflect By Sean Walker.
1:54 of 3rd period - Stopped by William Rousseau without a rebound.
1:55 of 3rd period - Thomas Bordeleau wins face-off versus Colin Blackwell in Peoria Rivermen zone.
1:56 of 3rd period - Wrist shot by Hendrix Lapierre.
1:56 of 3rd period - Shot Misses the Net.
1:58 of 3rd period - Snap shot by Nils Hoglander.
1:58 of 3rd period - Shot Misses the Net.
2:00 of 3rd period - Wrist shot by Mason Lohrei.
2:00 of 3rd period - Shot Blocked by Jalen Chatfield.
2:02 of 3rd period - Snap shot by Filip Roos.
2:02 of 3rd period - Stopped by William Rousseau without a rebound.
2:03 of 3rd period - Colin Blackwell wins face-off versus Thomas Bordeleau in Peoria Rivermen zone.
2:08 of 3rd period - Snap shot by Jonas Rondbjerg.
2:08 of 3rd period - Shot Misses the Net.
2:10 of 3rd period - Minor Penalty to Filip Roos for Slashing.
2:11 of 3rd period - Thomas Bordeleau wins face-off versus Colin Blackwell in Atlantic City Gamblers zone.
2:22 of 3rd period - Wrist shot by Mason Lohrei.
2:22 of 3rd period - Deflect By Zachary Bolduc.
2:22 of 3rd period - Stopped by William Rousseau with a rebound.
2:46 of 3rd period - Slapshot by Marc Del Gaizo.
2:46 of 3rd period - Goal by Marc Del Gaizo - Peoria Rivermen : 5 - Atlantic City Gamblers : 1.
2:47 of 3rd period - Oskar Sundqvist wins face-off versus Thomas Bordeleau in neutral zone.
3:20 of 3rd period - Minor Penalty to Marc Del Gaizo for Interference.
3:21 of 3rd period - Colin Blackwell wins face-off versus Tristan Broz in Peoria Rivermen zone.
3:55 of 3rd period - Wrist shot by Nathan Bastian.
3:55 of 3rd period - Shot Misses the Net.
3:57 of 3rd period - Slapshot by Mason Lohrei.
3:57 of 3rd period - Shot Misses the Net.
5:20 of 3rd period - Penalty to Marc Del Gaizo is over, Marc Del Gaizo is back on ice.
5:52 of 3rd period - Wrist shot by Riley Duran.
5:52 of 3rd period - Deflect By Gabriel Szturc.
5:52 of 3rd period - Shot Misses the Net.
5:52 of 3rd period - Puck is out of play.
5:53 of 3rd period - Ben King wins face-off versus Riley Duran in Atlantic City Gamblers zone.
6:15 of 3rd period - Wrist shot by Riley Duran.
6:15 of 3rd period - Goal by Riley Duran - Peoria Rivermen : 6 - Atlantic City Gamblers : 1.
6:16 of 3rd period - Colin Blackwell wins face-off versus Thomas Bordeleau in neutral zone.
6:50 of 3rd period - Wrist shot by Boris Katchouk.
6:50 of 3rd period - Shot Misses the Net.
6:54 of 3rd period - Wrist shot by Boris Katchouk.
6:54 of 3rd period - Goal by Boris Katchouk - Peoria Rivermen : 6 - Atlantic City Gamblers : 2.
6:55 of 3rd period - Tristan Broz wins face-off versus Colin Blackwell in neutral zone.
7:04 of 3rd period - Snap shot by Boris Katchouk.
7:04 of 3rd period - Shot Misses the Net.
7:06 of 3rd period - Wrist shot by Tristan Broz.
7:06 of 3rd period - Goal by Tristan Broz - Peoria Rivermen : 6 - Atlantic City Gamblers : 3.
7:07 of 3rd period - Patrick Giles wins face-off versus Caedan Bankier in neutral zone.
7:09 of 3rd period - Off-side.
7:10 of 3rd period - Caedan Bankier wins face-off versus Oskar Sundqvist in neutral zone.
7:17 of 3rd period - Backhand shot by Alexander Holtz.
7:17 of 3rd period - Stopped by William Rousseau without a rebound.
7:18 of 3rd period - Thomas Bordeleau wins face-off versus Nico Sturm in Peoria Rivermen zone.
7:23 of 3rd period - Snap shot by Nils Hoglander.
7:23 of 3rd period - Stopped by William Rousseau without a rebound.
7:24 of 3rd period - Thomas Bordeleau wins face-off versus Nico Sturm in Peoria Rivermen zone.
7:56 of 3rd period - Wrist shot by Oskar Sundqvist.
7:56 of 3rd period - Shot Misses the Net.
8:18 of 3rd period - Snap shot by Zachary Bolduc.
8:18 of 3rd period - Stopped by Calvin Pickard without a rebound.
8:19 of 3rd period - Colin Blackwell wins face-off versus Thomas Bordeleau in Atlantic City Gamblers zone.
8:30 of 3rd period - Slapshot by Colin Blackwell.
8:30 of 3rd period - Shot Misses the Net.
8:32 of 3rd period - Snap shot by Sean Walker.
8:32 of 3rd period - Stopped by Calvin Pickard without a rebound.
8:33 of 3rd period - Caedan Bankier wins face-off versus Oskar Sundqvist in Atlantic City Gamblers zone.
8:42 of 3rd period - Slapshot by Sean Walker.
8:42 of 3rd period - Stopped by Calvin Pickard with a rebound.
8:55 of 3rd period - Icing by Tyson Kozak.
8:56 of 3rd period - Tristan Broz wins face-off versus Colin Blackwell in Peoria Rivermen zone.
9:23 of 3rd period - Nils Hoglander is hit by Tanner Fritz and loses puck.
9:42 of 3rd period - Snap shot by Tyson Kozak.
9:42 of 3rd period - Goal by Tyson Kozak - Peoria Rivermen : 7 - Atlantic City Gamblers : 3.
9:43 of 3rd period - Tristan Broz wins face-off versus Colin Blackwell in neutral zone.
9:50 of 3rd period - Wrist shot by Yegor Sokolov.
9:50 of 3rd period - Goal by Yegor Sokolov - Peoria Rivermen : 7 - Atlantic City Gamblers : 4.
9:51 of 3rd period - Oskar Sundqvist wins face-off versus Caedan Bankier in neutral zone.
10:43 of 3rd period - Nico Sturm is hit by Noah Warren and loses puck.
11:02 of 3rd period - Snap shot by Ivan Miroshnichenko.
11:02 of 3rd period - Shot Misses the Net.
11:20 of 3rd period - Slapshot by Mason Lohrei.
11:20 of 3rd period - Deflect By Patrick Giles.
11:20 of 3rd period - Stopped by William Rousseau with a rebound.
11:22 of 3rd period - Slapshot by Nathan Bastian.
11:22 of 3rd period - Shot Blocked by Yegor Zamula.
11:28 of 3rd period - Major / Game Misconduct Penalty to Jalen Chatfield for Spearing.
11:28 of 3rd period - Jalen Chatfield is ejected from game.
11:29 of 3rd period - Tristan Broz wins face-off versus Colin Blackwell in Peoria Rivermen zone.
11:30 of 3rd period - Backhand shot by Boris Katchouk.
11:30 of 3rd period - Stopped by William Rousseau without a rebound.
11:31 of 3rd period - Tristan Broz wins face-off versus Colin Blackwell in Peoria Rivermen zone.
11:32 of 3rd period - Wrist shot by Boris Katchouk.
11:32 of 3rd period - Stopped by William Rousseau without a rebound.
11:33 of 3rd period - Tristan Broz wins face-off versus Colin Blackwell in Peoria Rivermen zone.
11:34 of 3rd period - Snap shot by Boris Katchouk.
11:34 of 3rd period - Stopped by William Rousseau with a rebound.
12:28 of 3rd period - Marc Del Gaizo is hit by Nils Hoglander and loses puck.
16:28 of 3rd period - Penalty to Jalen Chatfield is over, Colin Blackwell is send on ice.
16:37 of 3rd period - Icing by Marc Del Gaizo.
16:38 of 3rd period - Ben King wins face-off versus Riley Duran in Peoria Rivermen zone.
16:39 of 3rd period - Slapshot by Alexander Holtz.
16:39 of 3rd period - Deflect By Jean-Luc Foudy.
16:39 of 3rd period - Stopped by William Rousseau without a rebound.
16:40 of 3rd period - Nico Sturm wins face-off versus Ben King in Peoria Rivermen zone.
16:55 of 3rd period - Ben King is hit by Nico Sturm and loses puck.
17:34 of 3rd period - Jonas Rondbjerg is hit by Yegor Sokolov and loses puck.
17:49 of 3rd period - Matthew Sop is hit by Alexander Holtz.
18:14 of 3rd period - Thomas Bordeleau is hit by Oskar Sundqvist and loses puck.
18:56 of 3rd period - Slapshot by Sean Walker.
18:56 of 3rd period - Stopped by Calvin Pickard with a rebound.
19:12 of 3rd period - Nico Sturm is hit by Filip Roos and loses puck.
Goals for this period are 3 for Peoria Rivermen vs 3 for Atlantic City Gamblers.
Shots for this period are 8 for Peoria Rivermen vs 13 for Atlantic City Gamblers.